 Dungeon Crawl Stone Soup version 0.29.1-12-g30fa7ad0bf (webtiles) character file.

Game seed: 17241098301046807264

464 MisterFreud the Covert (level 7, -1/60 HPs)
             Began as a Gnoll Delver on Dec 16, 2022.
             Was an Initiate of Hepliaklqana.
             Slain by Menkaure (8 damage)
             ... on level 5 of the Dungeon.
             The game lasted 00:06:18 (4215 turns).

MisterFreud the Covert (Gnoll Delver)               Turns: 4215, Time: 00:06:19

Health: -1/60      AC:  8    Str:  8    XL:     7   Next: 8%
Magic:  10/10      EV: 17    Int: 11    God:    Hepliaklqana [......]
Gold:   237        SH:  0    Dex: 14    Spells: 6/10 levels left

rFire   . . .      SeeInvis +   a - +0 short sword (vorpal)
rCold   . . .      Faith    .   (no shield)
rNeg    . . .      Spirit   .   b - +0 leather armour
rPois   .          Reflect  .   s - +1 helmet of Wrong Decisions {rCorr Str-3 SInv}
rElec   .          Harm     .   l - +0 cloak
rCorr   +          Rampage  .   k - +1 pair of gloves
Will    .....                   (no boots)
Stlth   ++++......              (no amulet)
HPRegen 0.20/turn               i - +4 ring of evasion
MPRegen 0.12/turn               r - ring of wizardry

@: no status effects
A: fangs 1, strong nose, distributed training
a: Renounce Religion


You were on level 5 of the Dungeon.
You worshipped Hepliaklqana.
Hepliaklqana was noncommittal.
You visited 2 branches of the dungeon, and saw 6 of its levels.

You collected 237 gold pieces.

Inventory:

Hand Weapons
 a - a +0 vorpal short sword (weapon)
 j - a +1 dagger of venom
Missiles
 h - 9 poisoned darts (quivered)
 n - 3 boomerangs
 o - 2 javelins
Armour
 b - a +0 leather armour (worn)
 k - a +1 pair of gloves (worn)
 l - a +0 cloak (worn)
 s - the +1 helmet of Wrong Decisions (worn) {rCorr Str-3 SInv}
   (You found it on level 3 of the Dungeon)

   Str:       It affects your strength (-3).
   SInv:      It lets you see invisible.
   rCorr:     It protects you from acid and corrosion.
Jewellery
 i - a +4 ring of evasion (left hand)
 r - a ring of wizardry (right hand)
 u - a ring of fire
Wands
 g - a wand of digging (3)
Scrolls
 c - 3 scrolls of fog
 d - 4 scrolls of magic mapping
 e - a scroll of fear
 m - 3 scrolls of teleportation
Potions
 f - a potion of haste
 p - a potion of heal wounds
 q - 4 potions of lignification
 t - a potion of brilliance
 w - a potion of berserk rage {unknown}
 x - 2 potions of curing {unknown}


   Skills:
 + Level 7.0 Fighting
 + Level 5.2 Short Blades
 + Level 2.3 Long Blades
 + Level 2.3 Axes
 + Level 2.3 Maces & Flails
 + Level 2.3 Polearms
 + Level 2.3 Staves
 + Level 2.3 Ranged Weapons
 + Level 2.3 Throwing
 + Level 2.3 Armour
 + Level 5.2 Dodging
 + Level 9.9 Stealth
 + Level 2.3 Shields
 + Level 2.3 Unarmed Combat
 + Level 2.3 Spellcasting
 + Level 1.9 Conjurations
 + Level 1.9 Hexes
 + Level 1.9 Summonings
 + Level 1.9 Necromancy
 + Level 1.9 Translocations
 + Level 1.9 Transmutations
 + Level 1.9 Fire Magic
 + Level 1.9 Ice Magic
 + Level 1.9 Air Magic
 + Level 1.9 Earth Magic
 + Level 1.9 Poison Magic
 + Level 2.6 Invocations
 + Level 2.3 Evocations


You had 6 spell levels left.
You knew the following spells:

 Your Spells              Type           Power      Damage    Failure   Level
a - Ensorcelled Hibernat  Hex/Ice        10%        N/A       11%         2
b - Passwall              Tmut/Erth      4%         N/A       11%         2

Your spell library contained the following spells:

 Spells                   Type           Power      Damage    Failure   Level
 Dazzling Flash           Conj/Hex       10%        N/A       21%         3
 Inner Flame              Hex/Fire       5%         N/A       21%         3
 Swiftness                Air            5%         N/A       21%         3
 Cause Fear               Hex            2%         N/A       54%         4
 Iskenderun's Mystic Bla  Conj/Tloc      5%         2d3       54%         4
 Starburst                Conj/Fire      2%         6d3       100%        6
 Discord                  Hex            2%         N/A       100%        8


Dungeon Overview and Level Annotations

Branches:
Dungeon (5/15)             Temple (1/1) D:5

Altars:
Cheibriados
Dithmenos
Fedhas
Gozag
Hepliaklqana
Kikubaaqudgha
Makhleb
Nemelex Xobeh
Qazlal
Trog
Vehumet
Xom
Yredelemnul
Zin

Shops:
D:1 =

Annotations:
D:5 Menkaure


Innate Abilities, Weirdness & Mutations

You have very sharp teeth.
Your uncanny sense of smell can sniff out nearby items.
Your experience applies equally to all skills.


Message History

A phantom opens the door.
Menkaure gestures wildly while chanting.
Menkaure seems to speed up.
Menkaure calls on the powers of darkness!
Your body is wracked with pain!
There is an open door here.
Okay, then.
Okay, then.
Unknown command.
Your +1 dagger of venom stops dripping with poison.
a - a +0 vorpal short sword (weapon)
Okay, then.
Okay, then.
Unknown command.
Unknown command.
Menkaure calls on the powers of darkness!
Your body is wracked with pain!
* * * LOW HITPOINT WARNING * * *
Menkaure closely misses you. Menkaure barely misses you.
You hit Menkaure.
Menkaure is lightly damaged.
You hit Menkaure.
Menkaure is moderately damaged.
Menkaure misses you.
You hit Menkaure but do no damage.
Menkaure is moderately damaged.
Menkaure misses you.
You hit Menkaure but do no damage. You punch Menkaure, but do no damage.
Menkaure is moderately damaged.
Menkaure casts a spell at you. Pain shoots through your body!
* * * LOW HITPOINT WARNING * * *
You barely miss Menkaure.
Menkaure is moderately damaged.
Menkaure gestures ominously.
Menkaure barely misses you.
You hit Menkaure but do no damage.
Menkaure is moderately damaged.
Menkaure hits you!
You die...

.......# #.# #.#
...[...##########.#####.#
............†........##.#
.......########...##.##.#
#......# #.....#.##.# ##.....#
##...##.##.# .....#.#
##........######### ####...#
#.###............. #####.#####
#@# #######.##.##. #.........#
##M## #.#...#. #.###.###.#
##.W.## #[..#... #.## # ##.....##
#..###.< #..##.# #.......#
##...#...
#.###...#.##.........####......#.
...........'...>.....+........##.
#.###...#.##.........####........
#.####..#.###.......## ##.##.###


You could see a phantom and Menkaure (fast).

Vanquished Creatures
  A scorpion (D:5)
  3 hounds
  A gnoll bouda (D:5)
  An iguana (D:4)
  An orc wizard (D:3)
  2 adders (D:2)
  8 gnolls
  A shadow imp (D:5)
  An ufetubus (D:4)
  2 worms
  9 dart slugs
  8 orcs
  9 ball pythons
  4 bats
  6 endoplasms
  5 giant cockroaches
  9 goblins
  7 hobgoblins
  6 quokkas
  4 frilled lizards
  11 kobolds
  2 rats (D:1)
101 creatures vanquished.

Notes
Turn   | Place    | Note
-------+----------+-------------------------------------------
     0 | D:5      | Reached skill level 9 in Stealth
     0 | D:5      | MisterFreud the Gnoll Delver began the quest for the Orb.
     0 | D:5      | Reached XP level 1. HP: 23/23 MP: 1/1
   338 | D:5      | Noticed a hound
   417 | D:4      | Noticed an iguana
   555 | D:1      | Reached XP level 2. HP: 29/29 MP: 2/2
   894 | D:1      | Reached XP level 3. HP: 35/35 MP: 3/3
  1004 | D:1      | Found Qeilull's Jewellery Shop.
  1282 | D:1      | Reached skill level 1 in Invocations
  1283 | D:1      | Found a faded altar of an unknown god.
  1692 | D:2      | Reached skill level 1 in Long Blades
  1692 | D:2      | Reached skill level 1 in Axes
  1692 | D:2      | Reached skill level 1 in Maces & Flails
  1692 | D:2      | Reached skill level 1 in Polearms
  1692 | D:2      | Reached skill level 1 in Staves
  1692 | D:2      | Reached skill level 1 in Ranged Weapons
  1692 | D:2      | Reached skill level 1 in Throwing
  1692 | D:2      | Reached skill level 1 in Armour
  1692 | D:2      | Reached skill level 1 in Shields
  1692 | D:2      | Reached skill level 1 in Unarmed Combat
  1692 | D:2      | Reached skill level 1 in Spellcasting
  1692 | D:2      | Reached skill level 1 in Evocations
  1802 | D:2      | Reached XP level 4. HP: 32/41 MP: 5/5
  2248 | D:3      | Learned a level 2 spell: Ensorcelled Hibernation
  2251 | D:3      | Learned a level 2 spell: Passwall
  2282 | D:3      | Reached skill level 1 in Conjurations
  2282 | D:3      | Reached skill level 1 in Hexes
  2282 | D:3      | Reached skill level 1 in Summonings
  2282 | D:3      | Reached skill level 1 in Necromancy
  2282 | D:3      | Reached skill level 1 in Translocations
  2282 | D:3      | Reached skill level 1 in Transmutations
  2282 | D:3      | Reached skill level 1 in Fire Magic
  2282 | D:3      | Reached skill level 1 in Ice Magic
  2282 | D:3      | Reached skill level 1 in Air Magic
  2282 | D:3      | Reached skill level 1 in Earth Magic
  2282 | D:3      | Reached skill level 1 in Poison Magic
  2674 | D:3      | Identified the +1 helmet of Wrong Decisions {rCorr Str-3
                  | SInv}
  2709 | D:3      | Reached XP level 5. HP: 40/47 MP: 7/7
  3055 | D:4      | Found an ancient bone altar of Kikubaaqudgha.
  3391 | D:4      | Reached XP level 6. HP: 53/53 MP: 8/8
  3521 | D:4      | Reached skill level 5 in Short Blades
  3521 | D:4      | Reached skill level 5 in Dodging
  3899 | D:5      | Found a staircase to the Ecumenical Temple.
  3948 | Temple   | Entered the Ecumenical Temple
  4011 | Temple   | Became a worshipper of Hepliaklqana the Forgotten
  4106 | D:5      | Reached XP level 7. HP: 51/60 MP: 10/10
  4197 | D:5      | Noticed Menkaure
  4215 | D:5      | Slain by Menkaure

Illustrated notes

Levels and vault maps discovered:
D:1:      lightli_arrival_flooded_house, layout_basic, serial_shops,
          nicolae_diamond_shop, shapermc_ecumenical_altar_starsandcircs
D:2:      wander_river, layout_basic, nicolae_eternal_life,
          kennysheep_cross_room, serial_bayou_pond_a
D:3:      kennysheep_slugbush, layout_loops_ring, serial_rivers,
          chequers_serial_rivers_micro_a, chequers_serial_rivers_small_a,
          chequers_serial_rivers_small_a, chequers_serial_rivers_micro_b,
          chequers_serial_rivers_room_b
D:4:      layout_loops_cross, kiku_gazebo_garden_becter, portal_sewer_entry_f
D:5:      layout_loops_corners, mainiacjoe_overflow_divided_tiny,
          nicolae_uskayaw_suspiria, minmay_temple_entry_offerings,
          minmay_crystal_water, uniq_menkaure, uniq_edmund
Temple:   nicolae_temple_god_jail

Skill      XL: |  1  2  3  4  5  6 |
---------------+-------------------+-----
Stealth        | |  9.9
Invocations    | 1 2 |  2.6
Long Blades    | 1 2 |  2.3
Axes           | 1 2 |  2.3
Maces & Flails | 1 2 |  2.3
Polearms       | 1 2 |  2.3
Staves         | 1 2 |  2.3
Ranged Weapons | 1 2 |  2.3
Throwing       | 1 2 |  2.3
Armour         | 1 2 |  2.3
Shields        | 1 2 |  2.3
Unarmed Combat | 1 2 |  2.3
Spellcasting   | 1 2 |  2.3
Evocations     | 1 2 |  2.3
Conjurations   | 1 |  1.9
Hexes          | 1 |  1.9
Summonings     | 1 |  1.9
Necromancy     | 1 |  1.9
Translocations | 1 |  1.9
Transmutations | 1 |  1.9
Fire Magic     | 1 |  1.9
Ice Magic      | 1 |  1.9
Air Magic      | 1 |  1.9
Earth Magic    | 1 |  1.9
Poison Magic   | 1 |  1.9
Short Blades   | 5 |  5.2
Dodging        | 5 |  5.2
Fighting       | 7 |  7.0

Action                   |  1- 3 |  4- 6 |  7- 9 || total
-------------------------+-------+-------+-------++-------
Melee: Short sword       |    33 |       |     6 ||    39
       Dagger            |   103 |   193 |    15 ||   311
       Bite              |    14 |    22 |     2 ||    38
       Punch             |     2 |     2 |     1 ||     5
  Use: Scroll            |     6 |     5 |       ||    11
 Stab: Distracted        |     1 |       |       ||     1
       Sleeping          |     7 |    16 |       ||    23
Armor: Leather armour    |    27 |    32 |     2 ||    61
Dodge: Dodged            |    76 |   138 |    16 ||   230
